 Dungeon Crawl Stone Soup version 0.22-a0-608-g8a62e23 (webtiles) character file.

98 Mamutox the Skirmisher (level 4, -2/37 HPs)
             Began as a Demonspawn Monk on July 9, 2018.
             Slain by a hobgoblin
             ... wielding a +0 club
             ... led by Robin
              (5 damage)
             ... on level 3 of the Dungeon.
             The game lasted 00:07:42 (1976 turns).

Mamutox the Skirmisher (Demonspawn Monk)            Turns: 1976, Time: 00:07:43

Health: -2/37      AC:  8    Str: 12    XL:     4   Next: 43%
Magic:  4/4        EV: 13    Int: 12    God:
Gold:   58         SH:  0    Dex: 15    Spells: 3/3 levels left

rFire    + . .     SeeInvis .   a - +0 hand axe
rCold    . . .     Gourm    .   (no shield)
rNeg     . . .     Faith    .   b - +0 robe
rPois    .         Spirit   .   (no helmet)
rElec    .         Reflect  .   (no cloak)
rCorr    .         Harm     .   (no gloves)
MR       .....                  (no boots)
Stlth    +++.......             (no amulet)
HPRegen  0.12/turn              d - ring of stealth
MPRegen  0.09/turn              h - ring of protection from fire

@: sanguine armour
A: talons 1, sanguine armour 1
a: no special abilities


You were on level 3 of the Dungeon.
You were hungry.

You visited 1 branch of the dungeon, and saw 3 of its levels.

You collected 58 gold pieces.

Inventory:

Hand Weapons
 a - a +0 hand axe (weapon)
Missiles
 q - 13 poisoned needles
 r - 8 needles of confusion
Armour
 b - a +0 robe (worn)
Jewellery
 d - a ring of stealth (left hand)
 h - a ring of protection from fire (right hand)
Scrolls
 e - a scroll of enchant weapon {unknown}
 g - 2 scrolls of remove curse
 j - a scroll of fear {unknown}
 n - a scroll of blinking {unknown}
 o - a scroll of teleportation {unknown}
Potions
 f - a potion of agility {unknown}
 i - a potion of magic {unknown}
 k - 3 potions of haste {unknown}
 l - a potion of curing {unknown}
 m - 2 potions of invisibility {unknown}
 p - a potion of berserk rage {unknown}
 s - a potion of degeneration {unknown}
 t - a potion of resistance {unknown}
Comestibles
 c - 3 rations


   Skills:
 + Level 3.8 Fighting
 + Level 3.4 Axes
 * Level 2.0 Armour
 - Level 2.8 Dodging
 - Level 1.8 Stealth


You had 3 spell levels left.
You didn't know any spells.
Your spell library was empty.

Dungeon Overview and Level Annotations

Branches:
Dungeon (3/15)

Altars:
Dithmenos
Uskayaw

Annotations:
D:3 Robin


Innate Abilities, Weirdness & Mutations

You have sharp toenails.
When seriously injured, your bleeding wounds create armour. (AC +6)


Message History

The goblin barely misses you. The goblin hits you but does no damage.
You hit the hobgoblin but do no damage. You claw the hobgoblin.
The hobgoblin is heavily wounded.
You barely miss Robin. You hit the goblin.
You kill the goblin!
Your Armour skill increases to level 2!
You hit the goblin.
You kill the goblin!
Robin hits you but does no damage. The hobgoblin hits you with a club.
* * * LOW HITPOINT WARNING * * *
You hit Robin but do no damage.
Robin is almost dead.
You hit the hobgoblin but do no damage. Robin closely misses you.
The hobgoblin hits you but does no damage.
Robin hits you with a dagger.
* * * LOW HITPOINT WARNING * * *
You hit Robin but do no damage. Your kick misses Robin.
Robin is almost dead.
You hit the hobgoblin. The hobgoblin hits you with a club.
You die...

#..####.# ##..#
#.# ....# #.#
##..# #.# ##..#
#.######### ....#
#.........#
###.############.#
#......... #†#
##########.###@###
......†ggg#
.##.##.##.# #. .#
#. .# #. g# #. .#
.. .# g#


You could see Robin, a hobgoblin and a goblin.

Vanquished Creatures
  3 adders
  A gnoll (D:1)
  A worm (D:3)
  2 leopard geckos
  An orc (D:3)
  7 bats
  3 giant cockroaches
  12 goblins
  4 hobgoblins
  8 kobolds
  A quokka (D:3)
  2 ball pythons (D:2)
  3 frilled lizards
  5 rats
53 creatures vanquished.

Notes
Turn   | Place    | Note
-------+----------+-------------------------------------------
     0 | D:1      | Mamutox the Demonspawn Monk began the quest for the Orb.
     0 | D:1      | Reached XP level 1. HP: 18/18 MP: 1/1
    68 | D:1      | Gained mutation: When seriously injured, your bleeding wounds create armour. (AC +6) [demonic ancestry]
    68 | D:1      | Reached XP level 2. HP: 17/24 MP: 2/2
   692 | D:1      | Reached XP level 3. HP: 21/29 MP: 3/3
   932 | D:2      | Reached skill level 1 in Armour
  1290 | D:2      | Found a hide-covered altar of Uskayaw.
  1311 | D:2      | Noticed a dagger
  1311 | D:2      | Noticed a hand axe
  1493 | D:2      | Found a shadowy altar of Dithmenos.
  1660 | D:3      | Gained mutation: You have sharp toenails. [demonic ancestry]
  1660 | D:3      | Reached XP level 4. HP: 34/37 MP: 4/4
  1958 | D:3      | Noticed Robin
  1976 | D:3      | Slain by a hobgoblin

Vault maps used:
D:1:      dpeg_arrival_tiny_d
D:2:      old_standard_altar, dancing_weapons_uskayaw, first_ration
D:3:      tso_oasis_becter, uniq_robin

Skill      XL: |  1  2  3  4 |
---------------+-------------+-----
Axes           | 3 |  3.4
Armour         | 1 2 |  2.0
Fighting       | |  3.8
Dodging        | |  2.8
Stealth        | |  1.8

Action                   |  1- 3 |  4- 6 || total
-------------------------+-------+-------++-------
Melee: Hand axe          |   123 |    44 ||   167
       Spear             |     1 |       ||     1
       Kick              |       |    15 ||    15
  Use: Scroll            |     1 |       ||     1
 Stab: Sleeping          |    12 |     4 ||    16
       Distracted        |     2 |       ||     2
  Eat: Chunk             |     2 |     1 ||     3
Armor: Robe              |    28 |     9 ||    37
Dodge: Dodged            |   113 |    23 ||   136

Table legend:
 A = Spawn XP
 B = Non-spawn XP
 C = Spawn XP percentage of total XP
 D = Spawn monster count
 E = Non-spawn monster count
 F = Spawn count percentage of total count
 G = Total turns spent on level
                    A         B        C        D         E        F      G
               +---------+---------+-------+---------+---------+-------+---------
         Total |       0 |     140 |   0.0 |       0 |      53 |   0.0 |  1976
               +---------+---------+-------+---------+---------+-------+---------
           D:1 |       0 |      44 |   0.0 |       0 |      20 |   0.0 |   858
           D:2 |       0 |      49 |   0.0 |       0 |      15 |   0.0 |   779
           D:3 |       0 |      47 |   0.0 |       0 |      18 |   0.0 |   339
               +---------+---------+-------+---------+---------+-------+---------
